 Dungeon Crawl Stone Soup version 0.21.0-24-g2553a33 (webtiles) character file.

126 SedStubbie the Magician (level 4, -2/30 HPs)
             Began as a Mummy Fire Elementalist on Jan 21, 2018.
             Slain by a hound (4 damage)
             ... on level 4 of the Dungeon.
             The game lasted 00:06:54 (2284 turns).

SedStubbie the Magician (Mummy Fire Elementalist)   Turns: 2284, Time: 00:06:55

Health: -2/30      AC:  2    Str: 11    XL:     4   Next: 84%
Magic:  1/10       EV: 12    Int: 15    God:
Gold:   144        SH:  0    Dex: 12    Spells: 8/11 levels left

rFire    . . .     SeeInvis .   f - staff of fire
rCold    + . .     Gourm    .   (no shield)
rNeg     + + +     Faith    .   a - +0 robe
rPois    ∞         Spirit   .   (no helmet)
rElec    .         Reflect  .   (no cloak)
rCorr    .         Harm     .   (no gloves)
MR       .....                  (no boots)
Stlth    ++........             (no amulet)
HPRegen  0.10/turn              (no ring)
MPRegen  0.12/turn              (no ring)

@: no status effects
A: no food or potions, fire vulnerability, cold resistance 1, negative energy
resistance 3, torment resistance, unbreathing
a: no special abilities


You were on level 4 of the Dungeon.
You were not hungry.

You visited 1 branch of the dungeon, and saw 4 of its levels.

You collected 144 gold pieces.

Inventory:

Armour
 a - a +0 robe (worn)
Magical Staves
 f - an uncursed staff of fire (weapon)
Scrolls
 c - a scroll of identify
 d - a scroll of remove curse
Books
 b - a book of Flames

   Spells                             Type                      Level
   a - Flame Tongue                   Conjuration/Fire             1
   b - Throw Flame                    Conjuration/Fire             2
   c - Conjure Flame                  Conjuration/Fire             3
   d - Inner Flame                    Hexes/Fire                   3
   e - Sticky Flame                   Conjuration/Fire             4
   f - Fireball                       Conjuration/Fire             5


   Skills:
 - Level 1.5 Dodging
 - Level 1.5 Stealth
 + Level 4.2 Spellcasting
 + Level 2.2 Conjurations
 + Level 3.3 Fire Magic


You had 8 spell levels left.
You knew the following spells:

 Your Spells              Type           Power        Failure   Level  Hunger
a - Flame Tongue          Conj/Fire      ###..        5%          1    N/A
b - Throw Flame           Conj/Fire      ###...       9%          2    N/A

Dungeon Overview and Level Annotations

Branches:
Dungeon (4/15)
 Temple: D:4-7

Altars:
Yredelemnul


Innate Abilities, Weirdness & Mutations

You do not eat or drink.
Your flesh is vulnerable to fire.
You are immune to poison.
Your flesh is cold resistant. (rC+)
You are immune to negative energy. (rN+++)
You are immune to unholy pain and torment.
You can survive without breathing.


Message History

The adder bites you.
* * * LOW HITPOINT WARNING * * *
Found a stone staircase leading up.
A hound comes into view.
Casting: Flame Tongue
Confirm with . or Enter, or press ? or * to list all spells.
Aiming: Flame Tongue
Press: ? - help, Shift-Dir - straight line, f/p - adder
Aim: an adder (almost dead)
You feel a surge of power!
The flame tongue hits the adder.
You kill the adder!
The hound barks!
You hear a shout! x2
The hound barely misses you.
Found a stone staircase leading down.
The hound bites you but does no damage. The hound bites you.
* * * LOW HITPOINT WARNING * * *
An orc comes into view.
There is a stone staircase leading up here.
The hound bites you.
You die...

.... .
..#.#####..#.#
.#...#....#.
....#.....
###.#... #.# .
.....# ##<## ...
#...# #...#
.>...###h..###..##
....o..@g....#..#
................#
#.#######.##.#.##
#.##.#...
#.##.##### #.##.#
...... ...... ##


You could see a hound, an orc and a goblin.

Vanquished Creatures
  Robin (D:3)
  6 adders
  3 worms
  3 dart slugs
  2 leopard geckos (D:1)
  2 giant cockroaches (D:1)
  7 goblins
  4 hobgoblins
  4 jackals (D:2)
  A quokka (D:2)
  3 bats
  2 frilled lizards (D:1)
  3 kobolds
  8 rats
49 creatures vanquished.

Notes
Turn   | Place    | Note
-------+----------+-------------------------------------------
     0 | D:1      | SedStubbie the Mummy Fire Elementalist began the quest for the Orb.
     0 | D:1      | Reached XP level 1. HP: 13/13 MP: 4/4
    49 | D:1      | Reached skill level 1 in Conjurations
   176 | D:1      | Reached skill level 3 in Spellcasting
   186 | D:1      | Reached XP level 2. HP: 19/19 MP: 3/6
   992 | D:2      | Reached XP level 3. HP: 24/24 MP: 4/7
  1049 | D:2      | Learned a level 2 spell: Throw Flame
  1472 | D:2      | Reached XP level 4. HP: 30/30 MP: 0/9
  1963 | D:2      | Found a basalt altar of Yredelemnul.
  2039 | D:3      | Reached skill level 4 in Spellcasting
  2177 | D:3      | Noticed Robin
  2266 | D:3      | Killed Robin
  2284 | D:4      | Slain by a hound

Skill      XL: |  1  2  3  4 |
---------------+-------------+-----
Conjurations   | 1 2 |  2.2
Spellcasting   | 3 4 |  4.2
Fire Magic     | 3 |  3.3
Dodging        | |  1.5
Stealth        | |  1.5

Action                   |  1- 3 |  4- 6 || total
-------------------------+-------+-------++-------
Melee: Unarmed           |     5 |       ||     5
       Staff             |     6 |    29 ||    35
 Cast: Flame Tongue      |    62 |    22 ||    84
       Throw Flame       |     2 |    10 ||    12
  Use: Scroll            |       |     4 ||     4
Armor: Robe              |     8 |     5 ||    13
Dodge: Dodged            |    32 |    32 ||    64
